 Dungeon Crawl Stone Soup version 0.27-a0-535-g7eaf864cf9 (webtiles) character file.

Game seed: 8351636246747762722

9240 Morbidden the Insei (level 11, -7/91 HPs)
             Began as a Red Draconian Transmuter on Mar 6, 2021.
             Was a High Priest of Cheibriados.
             Mangled by an unseen horror (10 damage)
             ... on level 11 of the Dungeon.
             The game lasted 00:18:35 (16354 turns).

Morbidden the Insei (Red Draconian Transmuter)     Turns: 16354, Time: 00:18:35

Health: -7/91      AC:  2    Str: 29    XL:     11   Next: 20%
Magic:  19/19      EV: 27    Int: 28    God:    Cheibriados [*****.]
Gold:   575        SH:  0    Dex: 28    Spells: 9/21 levels left

rFire    . . .     SeeInvis .     - Unarmed
rCold    . . .     Faith    .   (shield currently unavailable)
rNeg     . . .     Spirit   .   (armour unavailable)
rPois    x         Reflect  .   (helmet currently unavailable)
rElec    .         Harm     .   (cloak currently unavailable)
rCorr    .         Rampage  .   (gloves currently unavailable)
Will     .....     Clarity  +   (boots currently unavailable)
Stlth    +++.......             w - amulet of magic regeneration
HPRegen  0.25/turn              i - +6 ring of strength
MPRegen  0.41/turn              (no ring)

@: spider-form, very slow
A: tiny, (breathe fire), unfitting armour, clarity, AC +7
a: End Transformation, Renounce Religion, Bend Time, Temporal Distortion,
Slouch, Step From Time


You were on level 11 of the Dungeon.
You worshipped Cheibriados.
Cheibriados was extremely pleased with you.
You were a venomous arachnid creature.
You visited 2 branches of the dungeon, and saw 12 of its levels.

You collected 575 gold pieces.

Inventory:

Hand Weapons
 a - a +0 shortbow
Missiles
 c - 6 javelins
 q - 189 arrows
 D - 3 throwing nets
Armour
 j - a +0 pair of gloves (melded)
Jewellery
 i - a +6 ring of strength (left front leg)
 w - an amulet of magic regeneration (around neck)
 B - an amulet of faith
Wands
 o - a wand of iceblast (18)
 t - a wand of polymorph (4)
 E - a wand of mindburst (8)
Scrolls
 b - 2 scrolls of amnesia
 d - 5 scrolls of blinking
 f - 7 scrolls of teleportation
 g - 3 scrolls of enchant weapon
 h - 16 scrolls of identify
 k - 4 scrolls of fear
 n - 3 scrolls of random uselessness {unknown}
 p - 3 scrolls of fog {unknown}
 v - a scroll of enchant armour
 y - a scroll of vulnerability {unknown}
 z - 2 scrolls of immolation {unknown}
 C - 2 scrolls of magic mapping {unknown}
Potions
 e - a potion of cancellation {unknown}
 l - a potion of might
 m - 2 potions of attraction
 r - a potion of degeneration {unknown}
 s - a potion of berserk rage {unknown}
 u - a potion of flight
 x - 2 potions of mutation
 A - a potion of curing


   Skills:
 * Level 6.7 Fighting
 + Level 3.4 Bows
 * Level 6.0 Dodging
 + Level 2.9 Stealth
 + Level 7.8 Unarmed Combat
 * Level 5.6 Spellcasting
 * Level 3.8 Conjurations
 * Level 6.4 Transmutations
 * Level 3.0 Ice Magic
 - Level 5.0 Poison Magic
 * Level 4.9 Invocations
 + Level 0.5 Evocations


You had 9 spell levels left.
You knew the following spells:

 Your Spells              Type           Power      Damage    Failure   Level
a - Irradiate             Conj/Tmut      18%        3d19      43%         5
b - Spider Form           Tmut/Pois      19%        N/A       8%          3
c - Ice Form              Ice/Tmut       34%        N/A       22%         4

Your spell library contained the following spells:

 Spells                   Type           Power      Damage    Failure   Level
 Beastly Appendage        Tmut           86%        N/A       3%          1
 Wereblood                Tmut           43%        N/A       4%          2
 Freeze                   Ice            100%       1d11      8%          1
 Searing Ray              Conj           58%        3d5       8%          2
 Foxfire                  Conj/Fire      72%        2x1d7     10%         1
 Frozen Ramparts          Ice            50%        1d7       16%         3
 Ozocubu's Armour         Ice            25%        N/A       16%         3
 Animate Skeleton         Necr           14%        N/A       17%         1
 Apportation              Tloc           14%        N/A       17%         1
 Corona                   Hex            7%         N/A       17%         1
 Summon Small Mammal      Summ           28%        N/A       17%         1
 Blade Hands              Tmut           21%        N/A       28%         5
 Hailstorm                Conj/Ice       27%        3d7       34%         4
 Petrify                  Tmut/Erth      25%        N/A       36%         4
 Confusing Touch          Hex            7%         N/A       38%         3
 Gell's Gravitas          Tloc           3%         N/A       38%         3
 Summon Ice Beast         Ice/Summ       16%        N/A       54%         4
 Iskenderun's Battlesphe  Conj           29%        2d8       56%         5
 Yara's Violent Unravell  Hex/Tmut       12%        3d7       65%         5
 Metabolic Englaciation   Hex/Ice        8%         N/A       85%         5
 Malign Gateway           Summ/Tloc      3%         N/A       100%        7


Dungeon Overview and Level Annotations

Branches:
Dungeon (11/15)            Temple (1/1) D:5
   Lair: D:8-11         Orc: D:9-12

Altars:
Ashenzari
Cheibriados
Dithmenos
Elyvilon
Fedhas
Gozag
Hepliaklqana
Kikubaaqudgha
Makhleb
Nemelex Xobeh
Okawaru
Qazlal
Ru
Sif Muna
Trog
Uskayaw
Vehumet
Wu Jian
Xom
Yredelemnul
Zin
The Shining One

Shops:
D:9 (


Innate Abilities, Weirdness & Mutations

((You can breathe blasts of fire.))
((Your fiery red scales are hard. (AC +7)))
You cannot fit into any form of body armour.
((Your flesh is very heat resistant. (rF++)))
((You are cold-blooded and may be slowed by cold attacks.))
((You have a pair of small horns on your head.))
((You have sharp toenails.))
You possess an exceptional clarity of mind.


Message History

No target in view!
No target in view!
No target in view!
Unknown command.
You hit something but do no damage. Something closely misses you.
Something hits you. Something shocks you.
You hit something but do no damage. Something closely misses you.
A sky beast appears from thin air!
Reactivating autopickup.
The sky beast misses you.
Unknown command.
Unknown command.
You closely miss the sky beast.
The sky beast is severely wounded.
Something closely misses you. The sky beast completely misses you.
Unknown command.
Unknown command.
Deactivating autopickup; reactivate with Ctrl-A.
You hit something. Something hits you.
You kill the sky beast!
Cheibriados thoroughly appreciates the change of pace.
You can now step out of the flow of time.
Cheibriados raises the support of your attributes as your movement slows.
Something completely misses you.
Your Ice Magic skill increases to level 3!
Something barely misses you. Something hits you.
Something completely misses you.
You hit something. Something misses you. Something completely misses you.
You barely miss something. Something closely misses you.
Something barely misses you. Something hits you.
You hit something. Something closely misses you. Something hits you!
* * * LOW HITPOINT WARNING * * *
Something completely misses you. Something closely misses you.
Something hits you!
* * * LOW HITPOINT WARNING * * *
You closely miss something. Something hits you!
* * * LOW HITPOINT WARNING * * *
Something hits you!
You die...

..............#
..............#
..............#
...../........#
.......†......#
..............#
..............#
..............#
......†...s...#
..............#
..............#
..............#
..............#
.........######.#
.........# #.#
.........#
#.######.#
.........#
#........#


There were no monsters in sight!

Vanquished Creatures
  Harold (D:10)
  3 two-headed ogres
  A troll (D:10)
  A polar bear (D:10)
  Prince Ribbit (D:8)
  A meliai zombie (D:10)
  4 yaks (D:10)
  A wyvern (D:9)
  A water moccasin (D:8)
  3 orc warriors
  4 sky beasts
  An ice beast (D:7)
  A black bear (D:7)
  5 centaurs
  5 ogres
  A kobold brigand (D:7)
  A phantom (D:5)
  7 bullfrogs
  4 scorpions
  6 killer bees (D:8)
  7 wights (D:9)
  2 howler monkeys
  A crimson imp (D:6)
  A quasit (D:6)
  4 orc priests
  2 bullfrog zombies (D:9)
  2 centaur skeletons
  2 centaur zombies (D:7)
  5 hounds
  3 jellies
  2 bullfrog skeletons
  4 iguanas
  19 orc wizards
  5 worker ants
  A hound skeleton (D:6)
  A howler monkey zombie (D:5)
  A worker ant zombie (D:5)
  3 gnolls (D:6)
  8 adders
  A shadow imp (D:8)
  2 white imps
  2 ufetubi
  2 oozes
  An adder zombie (D:9)
  3 worms
  3 dart slugs
  8 leopard geckos
  42 orcs
  6 giant cockroaches
  10 hobgoblins
  12 jackals
  4 kobolds
  5 quokkas
  11 bats
  4 frilled lizards
  8 goblins
  2 leopard gecko skeletons
  A leopard gecko zombie (D:9)
  4 rats
256 creatures vanquished.

Vanquished Creatures (others)
  An orc wizard (D:5)
  A plant (D:2)
2 creatures vanquished.

Grand Total: 258 creatures vanquished

Notes
Turn   | Place    | Note
-------+----------+-------------------------------------------
     0 | D:1      | Morbidden the Draconian Transmuter began the quest for the
                  | Orb.
     0 | D:1      | Reached XP level 1. HP: 16/16 MP: 3/3
   482 | D:1      | Reached XP level 2. HP: 23/23 MP: 1/5
  1456 | D:1      | Reached XP level 3. HP: 28/28 MP: 6/6
  1896 | D:2      | Found a blossoming altar of Fedhas.
  1974 | D:2      | Reached XP level 4. HP: 34/36 MP: 5/7
  2492 | D:3      | Reached skill level 4 in Unarmed Combat
  2915 | D:3      | Reached XP level 5. HP: 22/41 MP: 6/8
  2926 | D:3      | Learned a level 3 spell: Spider Form
  4085 | D:3      | Reached XP level 6. HP: 12/50 MP: 3/10
  4092 | D:3      | Reached skill level 1 in Poison Magic
  4302 | D:4      | Reached skill level 1 in Stealth
  4598 | D:4      | Found an iron altar of Okawaru.
  4906 | D:4      | Your scales start taking on a fiery red colour.
  4906 | D:4      | Reached XP level 7. HP: 51/56 MP: 8/12
  4906 | D:4      | Gained mutation: Your flesh is heat resistant. (rF+) [Red
                  | Draconian growth]
  5337 | D:5      | Entered Level 5 of the Dungeon
  5408 | D:5      | Reached skill level 5 in Unarmed Combat
  5969 | D:5      | Found a staircase to the Ecumenical Temple.
  6004 | D:5      | Reached XP level 8. HP: 61/66 MP: 11/13
  6033 | Temple   | Entered the Ecumenical Temple
  7607 | D:6      | Found a snail-covered altar of Cheibriados.
  7607 | D:6      | Found a white marble altar of Elyvilon.
  7608 | D:6      | Found a hazy altar of Hepliaklqana.
  7612 | D:6      | Became a worshipper of Cheibriados the Contemplative
  8065 | D:6      | Reached skill level 1 in Bows
  8065 | D:6      | Reached skill level 1 in Invocations
  8853 | D:6      | Reached * piety under Cheibriados
  8854 | D:6      | Reached skill level 6 in Unarmed Combat
  9086 | D:6      | Found an iron altar of Okawaru.
  9324 | D:7      | Identified the Collected Works on Companions and Attacks
  9331 | D:7      | Learned a level 4 spell: Ice Form
  9410 | D:7      | Identified the +4 hand crossbow "Pendulum" {vorpal, rC+}
  9426 | D:7      | Reached XP level 9. HP: 65/72 MP: 12/15
  9629 | D:7      | Found a shimmering blue altar of Sif Muna.
 10041 | D:7      | Reached skill level 5 in Fighting
 10803 | D:8      | Reached skill level 5 in Transmutations
 10924 | D:8      | Reached ** piety under Cheibriados
 11412 | D:8      | Gained mutation: You have sharp toenails. [potion of
                  | mutation]
 11412 | D:8      | Gained mutation: Your flesh is very heat resistant. (rF++)
                  | [potion of mutation]
 11412 | D:8      | Gained mutation: You have a pair of small horns on your
                  | head. [potion of mutation]
 11412 | D:8      | Gained mutation: You possess an exceptional clarity of
                  | mind. [potion of mutation]
 11808 | D:8      | Noticed a two-headed ogre
 11811 | D:8      | Learned a level 5 spell: Irradiate
 11817 | D:8      | Reached skill level 1 in Ice Magic
 11827 | D:8      | Killed a two-headed ogre
 11828 | D:8      | Reached skill level 5 in Dodging
 11828 | D:8      | Reached skill level 1 in Conjurations
 12335 | D:8      | Reached skill level 5 in Spellcasting
 12653 | D:8      | Reached XP level 10. HP: 74/83 MP: 15/17
 12854 | D:8      | Noticed Prince Ribbit
 12869 | D:8      | Killed Prince Ribbit
 13147 | D:8      | Reached *** piety under Cheibriados
 13619 | D:9      | Noticed a two-headed ogre
 13629 | D:9      | Killed a two-headed ogre
 13630 | D:9      | Reached skill level 7 in Unarmed Combat
 14148 | D:9      | Found Acesis's Weapon Shop.
 14777 | D:10     | Entered Level 10 of the Dungeon
 14850 | D:10     | Reached **** piety under Cheibriados
 15312 | D:10     | Noticed Harold
 15330 | D:10     | Killed Harold
 15374 | D:10     | Reached skill level 5 in Poison Magic
 15381 | D:10     | Reached XP level 11. HP: 37/91 MP: 19/19
 15830 | D:10     | Noticed a two-headed ogre
 15839 | D:10     | Killed a two-headed ogre
 16346 | D:11     | Reached ***** piety under Cheibriados
 16354 | D:11     | HP: 3/91 [something (10)]
 16354 | D:11     | Mangled by an unseen horror

Illustrated notes

Levels and vault maps discovered:
D:1:      dpeg_arrival_round_a, layout_basic, serial_corexii_hall,
          corexii_hall_statues_i, corexii_hall_statues_u
D:2:      layout_rooms, serial_bayou, serial_bayou_pond_d, serial_bayou_pond_d,
          serial_bayou_pond_a, serial_bayou_ford_a, fedhas_altar_1
D:3:      layout_basic
D:4:      layout_loops_cross, serial_glass, glass_columns_b, glass_columns_a,
          glass_columns_a, glass_columns_b, lemuel_statue_altar
D:5:      layout_loops_ring, minmay_temple_entry_arrows
D:6:      layout_basic, general_overflow_altar,
          chequers_temple_overflow_statue_of_worship, minmay_fire_ice_demons
D:7:      layout_basic, lemuel_tele_altar
D:8:      layout_cave_pools, minivault_23, uniq_prince_ribbit1
D:9:      layout_basic, serial_shops, nicolae_shop_behind_doors
D:10:     layout_big_octagon, uniq_harold
D:11:     layout_long_grid, erik_lair_dragon, serial_shops,
          kennysheep_mini_moat, hangedman_decor_riveting
Temple:   eino_narrow_crystal_temple

Skill      XL: |  1  2  3  4  5  6  7  8  9 10 11 |
---------------+----------------------------------+-----
Dodging        | 2 3 4 5 6 |  6.0
Unarmed Combat | 4 5 6 7 |  7.8
Fighting       | 2 3 4 5 6 |  6.7
Transmutations | 3 4 5 6 |  6.4
Spellcasting   | 3 4 5 |  5.6
Poison Magic   | 1 2 3 4 5 |  5.0
Stealth        | 1 2 |  2.9
Bows           | 2 3 |  3.4
Invocations    | 1 3 4 |  4.9
Ice Magic      | 1 2 3 |  3.0
Conjurations   | 1 3 |  3.8
Evocations     | |  0.5

Action                   |  1- 3 |  4- 6 |  7- 9 | 10-12 || total
-------------------------+-------+-------+-------+-------++-------
Melee: Unarmed           |   125 |   158 |   283 |   197 ||   763
       Tailslap          |    14 |    12 |     9 |     2 ||    37
       Headbutt          |     6 |     9 |     9 |     5 ||    29
       Punch             |     1 |     1 |     4 |     1 ||     7
       Kick              |     6 |    24 |    18 |     7 ||    55
       Shortbow          |       |       |     4 |       ||     4
 Fire: Shortbow          |       |       |   151 |       ||   151
 Cast: Beastly Appendage |    12 |    14 |     5 |       ||    31
       Spider Form       |       |     6 |    33 |    22 ||    61
 Abil: Breathe Fire      |       |       |    11 |     4 ||    15
Evoke: Wand              |       |       |       |     1 ||     1
  Use: Potion            |       |     2 |     6 |     3 ||    11
       Scroll            |       |       |     6 |     1 ||     7
 Stab: Sleeping          |     2 |     2 |     2 |     5 ||    11
Armor: Skin              |    36 |    39 |    55 |    13 ||   143
Dodge: Dodged            |    77 |   110 |   335 |   199 ||   721

Table legend: (Time is in decaauts)
 A = Elapsed time spent in this place.
 B = Non-inter-level travel time spent in this place.
 C = Inter-level travel time spent in this place.
 D = Time resting spent in this place.
 E = Time spent auto-exploring this place.
 F = Levels seen in this place.
 G = Mean time per level.
                   A        B        C        D        E       F      G
               +--------+--------+--------+--------+--------+-----+--------+
         Total |  18064 |  17432 |    632 |   2888 |  12288 |  12 | 1505.3 |
       Dungeon |  17866 |  17247 |    619 |   2888 |  12105 |  11 | 1624.2 |
        Temple |    197 |    184 |     13 |      0 |    183 |   1 |  197.0 |
               +--------+--------+--------+--------+--------+-----+--------+

Top non-repeatable levels by time:
     D:7: 2757 daAuts
     D:6: 2029 daAuts
     D:8: 1971 daAuts
    D:10: 1964 daAuts
     D:9: 1937 daAuts
     D:4: 1724 daAuts
     D:1: 1689 daAuts
     D:3: 1613 daAuts
     D:5: 1261 daAuts
     D:2: 788 daAuts
  Temple: 197 daAuts
    D:11: 130 daAuts
